 Dungeon Crawl Stone Soup version 0.21.1-1-g345015fe64 (webtiles) character file.

429 maerde the Ducker (level 6, -6/60 (61) HPs)
             Began as a Troll Fighter on June 3, 2018.
             Mangled by an iguana (9 damage)
             ... on level 4 of the Dungeon on June 4, 2018.
             The game lasted 00:28:02 (2015 turns).

maerde the Ducker (Troll Fighter)                   Turns: 2015, Time: 00:28:03

HP:   -6/60 (61)    AC:  5    Str: 25    XL:     6   Next: 66%
MP:   5/5           EV:  9    Int:  4    God:
Gold: 166           SH:  9    Dex: 11    Spells: 5/5 levels left

rFire    . . .     SeeInvis .   i - +0 flail (venom)
rCold    . . .     Gourm    +   b - +0 shield
rNeg     . . .     Faith    .   a - +0 robe
rPois    .         Spirit   .   (helmet restricted)
rElec    .         Reflect  .   (no cloak)
rCorr    .         Harm     .   (gloves unavailable)
MR       .....                  (boots unavailable)
Stlth    +.........             (no amulet)
HPRegen  0.60/turn              (no ring)
MPRegen  0.09/turn              (no ring)

@: no status effects
A: large, unfitting armour, claws 3, fast metabolism 3, gourmand, regeneration
1, shaggy fur 1, tough skin 2
a: no special abilities


You were on level 4 of the Dungeon.
You were near starving.

You visited 1 branch of the dungeon, and saw 4 of its levels.

You collected 166 gold pieces.

Inventory:

Hand Weapons
 i - a +0 flail of venom (weapon)
Missiles
 g - 25 arrows (quivered)
 h - 28 bolts
 k - 11 poisoned needles
Armour
 a - a +0 robe (worn)
 b - a +0 shield (worn)
 m - a +0 scale mail
Wands
 o - a wand of flame (26)
Scrolls
 e - a scroll of magic mapping
 f - a scroll of enchant armour {unknown}
 j - a scroll of amnesia {unknown}
 l - 2 scrolls of identify {unknown}
Potions
 c - a potion of might
 n - a potion of degeneration {unknown}
 p - a potion of berserk rage {unknown}
 q - a potion of flight {unknown}
Comestibles
 d - 5 rations


   Skills:
 + Level 3.1 Fighting
 + Level 3.1 Maces & Flails
 + Level 3.7 Dodging
 + Level 0.3 Stealth
 + Level 3.5 Shields
 + Level 2.9 Unarmed Combat


You had 5 spell levels left.
You didn't know any spells.

Dungeon Overview and Level Annotations

Branches:
Dungeon (4/15)
 Temple: D:4-7

Altars:
Zin

Annotations:
D:4 Dowan


Innate Abilities, Weirdness & Mutations

You are too large for most types of armour.
You have claws for hands.
Your metabolism is lightning-fast.
You like to eat raw meat.
Your natural rate of healing is unusually fast.
You are covered in fur. (AC +1)
You have very tough skin. (AC +2)


Message History

The iguana bites you! Dowan closely misses you. The iguana barely misses you.
You block Dowan's attack.
You barely miss Dowan.
Dowan is lightly wounded.
Dowan gestures at you while chanting. The stone arrow hits you!
* * * LOW HITPOINT WARNING * * *
You block the iguana's attack.
You completely miss Dowan.
Dowan is lightly wounded.
Dowan hits you but does no damage. Dowan hits you with a dagger.
* * * LOW HITPOINT WARNING * * *
The iguana bites you.
* * * LOW HITPOINT WARNING * * *
You block Dowan's attack.
You sock the iguana!
The iguana is severely wounded.
You block the iguana's attack. Dowan hits you but does no damage.
The iguana bites you!
You die...

..###
#.....##..#.............#
..#
#.....#..................
..#
#.....##..#........####.#
..# #.....#.....<......#
#.# ..#
#............##....# #.#
..# ..............# #.#
..# .#####...#.[##.##.#
#.# ..#
......le.#.....##.####.#
... #)@...............#
..## ###.#........######
#.##.####### #.#### ..#
..# ####


You could see Dowan and an iguana.

Vanquished Creatures
  Duvessa (D:4)
  A necrophage (D:4)
  A howler monkey (D:4)
  Jessica (D:2)
  Terence (D:2)
  2 adders (D:4)
  8 gnolls
  An ooze (D:2)
  3 dart slugs
  A leopard gecko (D:1)
  2 giant cockroaches
  10 hobgoblins
  5 kobolds
  6 bats
  3 frilled lizards
  7 goblins
  5 rats
58 creatures vanquished.

Notes
Turn   | Place    | Note
-------+----------+-------------------------------------------
     0 | D:1      | maerde the Troll Fighter began the quest for the Orb.
     0 | D:1      | Reached XP level 1. HP: 22/22 MP: 0/0
   132 | D:1      | Reached XP level 2. HP: 27/29 MP: 1/1
   297 | D:1      | Reached XP level 3. HP: 35/36 MP: 2/2
  1034 | D:2      | Found a glowing silver altar of Zin.
  1159 | D:2      | Noticed Terence
  1164 | D:2      | Killed Terence
  1164 | D:2      | Reached XP level 4. HP: 39/44 MP: 3/3
  1396 | D:2      | Noticed Jessica
  1403 | D:2      | Killed Jessica
  1412 | D:2      | Reached skill level 1 in Maces & Flails
  1412 | D:2      | Reached XP level 5. HP: 15/52 MP: 4/4
  1575 | D:4      | Noticed a necrophage
  1592 | D:4      | Killed a necrophage
  1810 | D:4      | Reached XP level 6. HP: 33/60 MP: 5/5
  2002 | D:4      | Noticed Duvessa
  2003 | D:4      | Noticed Dowan
  2012 | D:4      | Killed Duvessa
  2014 | D:4      | HP: 2/60 [iguana (4)]
  2015 | D:4      | Mangled by an iguana

Skill      XL: |  1  2  3  4  5  6 |
---------------+-------------------+-----
Dodging        | 3 |  3.7
Shields        | 3 |  3.5
Maces & Flails | 1 2 3 |  3.1
Fighting       | 3 |  3.1
Stealth        | |  0.3
Unarmed Combat | |  2.9

Action                   |  1- 3 |  4- 6 || total
-------------------------+-------+-------++-------
Melee: Unarmed           |    98 |       ||    98
       Flail             |    23 |    83 ||   106
  Use: Scroll            |     1 |       ||     1
 Stab: Sleeping          |     1 |     1 ||     2
  Eat: Chunk             |     4 |       ||     4
       Ration            |     1 |     2 ||     3
Armor: Robe              |    35 |    15 ||    50
Dodge: Dodged            |    42 |    24 ||    66
Block: Shield            |    56 |    46 ||   102
